 Dungeon Crawl Stone Soup version 0.18.1-6-gd335043 (webtiles) character file.

85148 Kenran the Fencer (level 15, 0/120 HPs)
             Began as a Demonspawn Fighter on May 16, 2016.
             Was the Champion of Okawaru.
             Slain by a redback (11 damage)
             ... on level 1 of the Spider Nest.
             The game lasted 02:19:44 (44408 turns).

Kenran the Fencer (Demonspawn Fighter)             Turns: 44408, Time: 02:19:45

Health: 0/120      AC: 30    Str: 18    XL:     15   Next: 37%
Magic:  19/19      EV:  6    Int:  9    God:    Okawaru [******]
Gold:   1674       SH:  0    Dex: 18    Spells: 0 memorised, 14 levels left

rFire  . . .     SeeInvis .     m - +9 long sword of Hualoycudgh {slice, *Contam rElec rPois}
rCold  + + .     Gourm    +     b - +4 plate armour {rC+}
rNeg   . . .     Faith    .     (no shield)
rPois  +         Spirit   .     r - +2 hat
rElec  +         Dismiss  .     q - +2 cloak
rCorr  .         Reflect  .     c - +0 pair of gloves
SustAt .         Harm     .     V - +0 pair of boots {Stlth+}
MR     +....                    H - amulet of the gourmand
Stlth  ..........               a - +3 ring of slaying
                                e - ring of protection from cold

@: confused, somewhat resistant to hostile enchantments, extremely unstealthy
A: horns 1, thin metallic scales 2, powered by pain 2, rot immunity
a: Heroism, Finesse, Renounce Religion


You were on level 1 of the Spider Nest.
You worshipped Okawaru.
Okawaru was exalted by your worship.
You were completely stuffed.

You visited 4 branches of the dungeon, and saw 24 of its levels.

You collected 2382 gold pieces.
You spent 708 gold pieces at shops.

Inventory:

Hand Weapons
 m - the +9 long sword of Hualoycudgh (weapon) {slice, *Contam rElec rPois}
   (You found it on level 10 of the Dungeon)

   It inflicts extra damage upon your enemies.
   It insulates you from electricity.
   It protects you from poison.
   It causes magical contamination when unequipped.
 B - a +2 flail of protection
 T - a +4 scimitar of electrocution
Armour
 b - a +4 plate armour of cold resistance (worn)
 c - a +0 pair of gloves (worn)
 q - a +2 cloak (worn)
 r - a +2 hat (worn)
 V - a +0 pair of boots of stealth (worn)
Rods
 v - a +0 rod of shadows (10/10)
   (You found it on level 8 of the Lair of Beasts)
 L - a +5 rod of shadows (14/14)
   (You found it on level 8 of the Lair of Beasts)
Jewellery
 a - a +3 ring of slaying (right hand)
 e - a ring of protection from cold (left hand)
 l - an uncursed ring of flight
 s - an uncursed ring of protection from fire
 t - an uncursed ring of sustain attributes
 H - an amulet of the gourmand (around neck)
Wands
 g - a wand of iceblast (9/15)
 S - a wand of flame (14/48)
 U - a wand of teleportation (3/9)
Scrolls
 d - a scroll of enchant armour {unknown}
 h - 2 scrolls of enchant weapon
 i - 4 scrolls of magic mapping
 k - 6 scrolls of amnesia
 n - a scroll of fear {unknown}
 u - 13 scrolls of remove curse
 y - 6 scrolls of teleportation
 C - 2 scrolls of noise
 F - 4 scrolls of identify
 G - 2 scrolls of recharging
 Q - 3 scrolls of fog
Potions
 o - 2 potions of resistance
 p - a potion of invisibility
 x - 3 potions of cancellation
 A - 2 potions of brilliance
 D - 2 potions of cure mutation
 E - a potion of haste {unknown}
 J - a potion of agility
 N - 3 potions of flight {unknown}
Miscellaneous
 M - a phial of floods
 O - a lamp of fire
Comestibles
 f - 20 bread rations
 j - 11 meat rations
 z - a royal jelly
 I - 2 beef jerkies
 P - 35 fruits


   Skills:
 - Level 12.1 Fighting
 - Level 18.1 Long Blades
 + Level 10.7 Armour
   Level 7.2 Shields
 - Level 6.6 Invocations


You had 14 spell levels left.
You didn't know any spells.

Dungeon Overview and Level Annotations

Branches:
Dungeon (13/15)            Temple (0/1) D:4            Lair (8/8) D:11
 Shoals (0/4) Lair:5       Spider (1/4) Lair:6        Slime (0/6) Lair:6
    Orc (2/2) D:11            Elf (0/3) Orc:2
 Vaults: D:13-14

Altars:
Ashenzari
Cheibriados
Dithmenos
Elyvilon
Fedhas
Gozag
Makhleb
Okawaru
Sif Muna
Beogh
Jiyva

Shops:
Orc:1 ?   Orc:2 ([:*

Portals:
Trove: D:11 (give +3 gold dragon armour)


Innate Abilities, Weirdness & Mutations

You have a pair of small horns on your head.
You are mostly covered in thin metallic scales (AC +3).
You sometimes gain power by taking damage.
You are immune to rotting.


Message History

* * * LOW HITPOINT WARNING * * *
The redback bites you but does no damage.
The demonic crawler completely misses you.
The demonic crawler hits you.
* * * LOW HITPOINT WARNING * * *
The demonic crawler closely misses you. The tarantella bites you.
* * * LOW HITPOINT WARNING * * *
The redback bites you.
* * * LOW HITPOINT WARNING * * *
You're too confused!
You slash the tarantella!
You kill the tarantella!
Okawaru accepts your kill. Something appears at your feet!
Okawaru grants you a gift! The demonic crawler hits you.
* * * LOW HITPOINT WARNING * * *
The demonic crawler hits you but does no damage. x2
The redback bites you!
You die...

#.....# #.##..#
#. ###...#
###.. #....##
#..... #.....#
#.....≈
##.†..##....≈≈#
###..#..≈≈#≈≈≈
####s.#..≈≈≈≈≈≈
##≈≈.@...≈##
#≈≈≈s...≈≈.#
#≈≈≈≈≈#≈#...#
#≈≈≈≈≈≈##....#
##≈≈≈##. ....≈≈
#≈≈≈##
......... #≈≈≈
.###.... #≈≈≈
.. #... #### ..


You could see a demonic crawler and a redback.

Vanquished Creatures
  An emperor scorpion (Lair:6)
  An orc warlord (Orc:2)
  Snorg (D:10)
  The ghost of krfreak the Severer, a journeyman MiBe of Trog (D:10)
  An entropy weaver (Spider:1)
  An ice dragon (Lair:5)
  Harold (Lair:3)
  8 hydras
  A centaur warrior (D:13)
  8 death yaks
  An orc high priest (Orc:2)
  A fire crab (Lair:6)
  A necromancer (Lair:5)
  Pikel (D:5)
  A lindwurm (Lair:8)
  3 hill giants
  4 orc knights (Orc:2)
  An orb spider (Spider:1)
  A hornet (Spider:1)
  3 orc sorcerers (Orc:2)
  4 griffons
  A cyclops (Orc:2)
  5 ugly things
  A manticore (D:11)
  2 wolf spiders (Spider:1)
  3 elephants (Lair:8)
  A centaur zombie (D:10)
  6 black mambas
  32 spiny frogs
  A centaur skeleton (D:10)
  2 rime drakes
  6 komodo dragons
  7 trolls
  A jumping spider (Spider:1)
  2 two-headed ogres
  Prince Ribbit (D:5)
  2 giant leeches (Lair:8)
  25 blink frogs
  A boulder beetle (Lair:8)
  Sigmund (D:5)
  A shadow (D:11)
  3 tarantellas (Spider:1)
  6 redbacks
  2 wyverns
  A hill giant zombie (D:11)
  A human (D:8)
  The ghost of Kenran the Chopper, an amateur HOFi (D:3)
  Grum (Lair:1)
  3 basilisks
  44 yaks
  13 hippogriffs
  7 vampire mosquitoes
  A steam dragon (D:11)
  Menkaure (D:9)
  Edmund (D:6)
  A soldier ant (D:10)
  4 wargs
  14 water moccasins
  14 porcupines
  A sky beast (D:10)
  3 slaves
  28 orc warriors
  An ice beast (D:11)
  6 phantoms
  A black bear (D:6)
  A necrophage (D:11)
  A wasp (D:8)
  24 wolves
  12 ogres
  15 centaurs
  22 crocodiles
  3 big kobolds
  35 giant frogs
  2 scorpions
  12 killer bees
  3 troll zombies (D:11)
  8 wights
  2 howler monkeys
  15 electric eels
  9 crimson imps
  A giant frog zombie (D:13)
  Crazy Yiuf (D:7)
  2 jellies
  20 orc priests
  6 hounds
  36 orc wizards
  A giant frog skeleton (D:8)
  11 iguanas
  A basilisk zombie (Lair:5)
  6 worker ants
  38 sheep
  4 ogre zombies (D:11)
  A hound zombie (D:6)
  2 hound skeletons
  A worker ant zombie (D:11)
  A howler monkey skeleton (D:5)
  8 adders
  6 gnolls
  61 river rats
  3 shadow imps
  3 white imps (Lair:5)
  2 oozes
  2 adder skeletons
  2 worms
  A dart slug (D:2)
  A giant gecko (D:3)
  87 orcs
  A ball python (D:4)
  6 giant cockroaches
  4 goblins
  8 hobgoblins
  3 jackals (D:2)
  16 kobolds
  6 quokkas
  16 bats
  4 giant newts
  A goblin skeleton (D:11)
  3 goblin zombies (D:11)
  A hobgoblin skeleton (D:11)
  4 hobgoblin zombies (D:11)
  A jackal skeleton (D:6)
  An orc skeleton (D:11)
  15 orc zombies (D:11)
  13 rats
  A bush (Lair:8)
  6 fungi
  5 plants
891 creatures vanquished.

Vanquished Creatures (collateral kills)
  A black mamba (Lair:5)
1 creature vanquished.

Vanquished Creatures (others)
  A giant frog (Lair:8)
  53 fungi
  63 plants
117 creatures vanquished.

Grand Total: 1009 creatures vanquished

Notes
Turn   | Place    | Note
--------------------------------------------------------------
     0 | D:1      | Kenran the Demonspawn Fighter began the quest for the Orb.
     0 | D:1      | Reached XP level 1. HP: 18/18 MP: 1/1
    25 | D:1      | Reached skill level 2 in Long Blades
   175 | D:1      | Gained mutation: You have a pair of small horns on your head. [demonic ancestry]
   175 | D:1      | Reached XP level 2. HP: 18/24 MP: 2/2
   802 | D:1      | Reached skill level 3 in Long Blades
   963 | D:2      | Found an iron altar of Okawaru.
   981 | D:2      | Became a worshipper of Warmaster Okawaru
  1002 | D:2      | Gained mutation: You sometimes gain a little power by taking damage. [demonic ancestry]
  1002 | D:2      | Reached XP level 3. HP: 29/29 MP: 3/3
  1158 | D:2      | Found a blossoming altar of Fedhas.
  1980 | D:2      | Reached skill level 4 in Long Blades
  1980 | D:2      | Gained mutation: You are partially covered in thin metallic scales (AC +2). [demonic ancestry]
  1980 | D:2      | Reached XP level 4. HP: 8/35 MP: 4/4
  2690 | D:3      | Reached XP level 5. HP: 22/41 MP: 5/5
  2914 | D:3      | Noticed Kenran's ghost (amateur HOFi)
  3055 | D:4      | Reached skill level 5 in Long Blades
  3284 | D:4      | Found a white marble altar of Elyvilon.
  3322 | D:4      | Reached * piety under Okawaru
  3540 | D:4      | Found a staircase to the Ecumenical Temple.
  3849 | D:5      | Entered Level 5 of the Dungeon
  3866 | D:5      | Reached XP level 6. HP: 39/47 MP: 6/6
  3927 | D:5      | Noticed Edmund
  4140 | D:5      | Noticed Sigmund
  4157 | D:4      | Reached skill level 6 in Long Blades
  4204 | D:5      | Killed Sigmund
  4302 | D:5      | Noticed Prince Ribbit
  4338 | D:6      | Killed Edmund
  4338 | D:6      | Reached ** piety under Okawaru
  4338 | D:6      | Reached skill level 7 in Long Blades
  4338 | D:6      | Gained mutation: You are immune to rotting. [demonic ancestry]
  4338 | D:6      | Reached XP level 7. HP: 26/52 MP: 7/7
  5225 | D:5      | Reached skill level 8 in Long Blades
  5583 | D:6      | Reached *** piety under Okawaru
  5583 | D:6      | Reached XP level 8. HP: 48/58 MP: 8/8
  5882 | D:6      | Noticed Pikel
  5969 | D:6      | Reached skill level 9 in Long Blades
  6515 | D:7      | Noticed Menkaure
  6998 | D:7      | Reached skill level 5 in Fighting
  7435 | D:7      | Reached **** piety under Okawaru
  7435 | D:7      | Reached skill level 5 in Armour
  8001 | D:3      | Killed Kenran's ghost
  8001 | D:3      | Reached XP level 9. HP: 53/68 MP: 9/9
  8081 | D:3      | Found an opulent altar of Gozag.
  8405 | D:5      | Killed Pikel
  8405 | D:5      | Reached skill level 10 in Long Blades
  8456 | D:5      | Killed Prince Ribbit
  8866 | D:7      | Noticed Crazy Yiuf
  8872 | D:7      | Killed Crazy Yiuf
  8872 | D:7      | Reached skill level 11 in Long Blades
  9464 | D:7      | Got a bloodstained quarterstaff
  9465 | D:7      | Identified the +4 quarterstaff "Efiufon" {holy, Str+2 Dex+6 Stlth-} (You found it on level 7 of the Dungeon)
 10253 | D:7      | Reached XP level 10. HP: 50/77 MP: 10/10
 10678 | D:8      | Found a shattered altar of Ashenzari.
 10681 | D:8      | Found a shadowy altar of Dithmenos.
 10684 | D:8      | Found a burning altar of Makhleb.
 11082 | D:9      | Killed Menkaure
 11271 | D:9      | HP: 3/79 [troll (3)]
 11608 | D:9      | Found a shadowy altar of Dithmenos.
 11786 | D:9      | Found a deep blue altar of Sif Muna.
 11889 | D:9      | Reached ***** piety under Okawaru
 12183 | D:9      | Reached skill level 12 in Long Blades
 13076 | D:10     | Entered Level 10 of the Dungeon
 13105 | D:10     | Noticed krfreak's ghost (journeyman MiBe)
 13461 | D:10     | Got a brightly glowing long sword
 13475 | D:10     | Identified the +9 long sword of Hualoycudgh {slice, *Contam rElec rPois} (You found it on level 10 of the Dungeon)
 13849 | D:10     | Noticed Snorg
 13865 | D:10     | Killed Snorg
 14504 | D:10     | Reached skill level 5 in Shields
 14772 | D:11     | Noticed a white ugly thing
 14795 | D:10     | Killed a white ugly thing
 14795 | D:10     | Reached XP level 11. HP: 35/87 MP: 11/11
 15138 | D:11     | Found a portal to a secret trove of treasure.
 15925 | D:10     | Killed krfreak's ghost
 16171 | D:11     | Found a staircase to the Orcish Mines.
 16531 | D:11     | Noticed a hill giant
 16785 | D:11     | Killed a hill giant
 16785 | D:11     | Reached ****** piety under Okawaru
 16785 | D:11     | Received a gift from Okawaru
 17151 | D:11     | Found a staircase to the Lair.
 17343 | D:11     | Noticed a brown ugly thing
 17343 | D:11     | Noticed a green ugly thing
 17364 | D:11     | Killed a brown ugly thing
 17368 | D:11     | Killed a brown ugly thing
 17639 | Lair:1   | Entered Level 1 of the Lair of Beasts
 17642 | Lair:1   | Reached skill level 13 in Long Blades
 17873 | Lair:1   | Noticed a five-headed hydra
 18090 | Lair:2   | Received a gift from Okawaru
 18225 | Lair:2   | Gained mutation: You sometimes gain power by taking damage. [demonic ancestry]
 18225 | Lair:2   | Reached XP level 12. HP: 80/94 MP: 12/12
 19021 | Lair:2   | Reached skill level 14 in Long Blades
 19373 | Lair:2   | Identified the Handbook of Shape Shifting
 19973 | Lair:3   | Noticed an eight-headed hydra
 19996 | Lair:3   | Noticed Harold
 20004 | Lair:3   | HP: 3/95 [eight-headed hydra (2)]
 20036 | Lair:2   | Gained mutation: You are resistant to hostile enchantments. [mutagenic glow]
 20513 | Lair:1   | Noticed Grum
 20590 | Lair:1   | Killed Grum
 21163 | Lair:1   | Noticed a seven-headed hydra
 21300 | D:12     | Reached skill level 10 in Fighting
 22787 | D:13     | Noticed a centaur warrior
 22788 | D:13     | Reached skill level 5 in Invocations
 22794 | D:13     | Killed a centaur warrior
 23105 | Orc:1    | Entered Level 1 of the Orcish Mines
 23370 | Orc:1    | Found Ujet's Magic Scroll Boutique.
 23641 | Orc:2    | Entered Level 2 of the Orcish Mines
 24013 | Orc:2    | Found a staircase to the Elven Halls.
 24195 | Orc:2    | Received a gift from Okawaru
 24466 | Orc:2    | Reached XP level 13. HP: 103/103 MP: 17/17
 24980 | Orc:2    | Received a gift from Okawaru
 25373 | Orc:2    | Reached skill level 15 in Long Blades
 26296 | Orc:2    | Found a roughly hewn altar of Beogh.
 26327 | Orc:2    | Noticed an orc warlord
 26364 | Orc:2    | Killed an orc warlord
 26704 | Orc:2    | Found Plog's Antique Weapon Emporium.
 26795 | Orc:2    | Found Enidwake's Antique Armour Emporium.
 26802 | Orc:2    | Found Taleicw's General Store.
 26926 | Orc:2    | Bought a scroll of teleportation for 36 gold pieces
 26926 | Orc:2    | Bought a potion of curing for 36 gold pieces
 26926 | Orc:2    | Bought a potion of curing for 36 gold pieces
 26935 | Orc:2    | Found Zexaurri's Book Emporium.
 27063 | D:11     | Gained mutation: Armour fits poorly on your strangely shaped body. [mutagenic glow]
 27900 | Lair:3   | Found a snail-covered altar of Cheibriados.
 28011 | Lair:3   | Killed Harold
 28048 | Lair:3   | Reached skill level 16 in Long Blades
 29124 | Lair:3   | Lost mutation: You are resistant to hostile enchantments. [potion of cure mutation]
 29124 | Lair:3   | Lost mutation: Armour fits poorly on your strangely shaped body. [potion of cure mutation]
 29336 | Lair:4   | Gained mutation: Armour fits poorly on your strangely shaped body. [mutagenic glow]
 29686 | Lair:3   | Gained mutation: You are clumsy. (Dex -2) [mutagenic glow]
 29687 | Lair:3   | Lost mutation: You are clumsy. (Dex -2) [potion of cure mutation]
 29687 | Lair:3   | Lost mutation: Armour fits poorly on your strangely shaped body. [potion of cure mutation]
 30236 | Orc:2    | Got a turquoise-encrusted ring mail {god gift}
 30237 | Orc:2    | Identified the +1 ring mail of Trumpets {rF+ rN+ rCorr} (Okawaru gifted it to you on level 2 of the Orcish Mines)
 30290 | Orc:2    | Bought a +4 plate armour of cold resistance for 600 gold pieces
 30515 | Lair:4   | Found an iron altar of Okawaru.
 31477 | Lair:5   | Found a staircase to the Shoals.
 31834 | Lair:5   | Received a gift from Okawaru
 32662 | Lair:5   | Reached skill level 17 in Long Blades
 33353 | Lair:6   | Reached XP level 14. HP: 44/110 MP: 18/18
 33880 | Lair:6   | Found a viscous altar of Jiyva.
 33880 | Lair:6   | Found a staircase to the Slime Pits.
 33926 | Lair:6   | Found a hole to the Spider Nest.
 36019 | Lair:7   | Reached skill level 18 in Long Blades
 38165 | Lair:8   | Entered Level 8 of the Lair of Beasts
 38519 | Lair:8   | Received a gift from Okawaru
 40333 | Lair:8   | Gained mutation: You are mostly covered in thin metallic scales (AC +3). [demonic ancestry]
 40333 | Lair:8   | Reached XP level 15. HP: 68/120 MP: 19/19
 40525 | Lair:8   | Received a gift from Okawaru
 41106 | Lair:8   | HP: 4/120 [electric eel/bolt of electricity (10)]
 42053 | Lair:8   | Identified the Almanac of Creative Aid
 42447 | Spider:1 | Entered Level 1 of the Spider Nest
 42744 | Spider:1 | Reached skill level 10 in Armour
 43040 | Spider:1 | Received a gift from Okawaru
 44408 | Spider:1 | Received a gift from Okawaru
 44408 | Spider:1 | Slain by a redback

Skill      XL: |  1  2  3  4  5  6  7  8  9 10 11 12 13 14 15 |
---------------+----------------------------------------------+-----
Long Blades    | 2 3 4 5 7 8 9 11 12 13 14 17 18 | 18.1
Fighting       | 5 6 8 10 12 | 12.1
Armour         | 5 7 8 10 | 10.7
Shields        | 5 7 |  7.2
Invocations    | 6 |  6.6

Action                   |  1- 3 |  4- 6 |  7- 9 | 10-12 | 13-15 || total
-------------------------+-------+-------+-------+-------+-------++-------
Melee: Long sword        |   115 |   127 |   296 |   811 |   371 ||  1720
       Headbutt          |    11 |    26 |    88 |   199 |   439 ||   763
       Great sword       |       |       |   108 |   178 |   975 ||  1261
       Morningstar       |       |       |       |     4 |     9 ||    13
       Flail             |       |       |       |       |   138 ||   138
       Scimitar          |       |       |       |       |   191 ||   191
Invok: Heroism           |       |       |     1 |     3 |     5 ||     9
Evoke: Wand              |       |       |     1 |       |     1 ||     2
       Lamp of fire      |       |       |       |       |     1 ||     1
       Phial of floods   |       |       |       |       |     1 ||     1
  Use: Potion            |     1 |       |     4 |     1 |    18 ||    24
       Scroll            |     4 |       |    13 |    15 |     8 ||    40
  Eat: Chunk             |     3 |     7 |     2 |    29 |    67 ||   108
       Beef jerky        |       |     1 |       |     3 |     1 ||     5
       Meat ration       |       |       |     3 |       |       ||     3
       Pizza             |       |       |     1 |     4 |     3 ||     8
       Fruit             |       |       |       |     4 |     7 ||    11
       Royal jelly       |       |       |       |     1 |     1 ||     2
Armor: Scale mail        |    34 |       |       |       |       ||    34
       Chain mail        |    13 |    69 |   254 |   211 |       ||   547
       Plate armour      |       |       |       |   355 |  1428 ||  1783
Dodge: Dodged            |    37 |    13 |    94 |   190 |   438 ||   772
Block: Shield            |    52 |    48 |   150 |   337 |   218 ||   805
